 Dungeon Crawl Stone Soup version 0.27-a0-1105-g946c659c87 (webtiles) character file.

Game seed: 11670633522534874764

107 kae the Chopper (level 4, -5/41 HPs)
             Began as a Hill Orc Fighter on Apr 29, 2021.
             Slain by a kobold brigand
             ... wielding a +1 vampiric whip
              (7 damage)
             ... in a sewer.
             The game lasted 00:01:09 (1811 turns).

kae the Chopper (Hill Orc Fighter)                  Turns: 1811, Time: 00:01:09

Health: -5/41      AC:  8    Str: 19    XL:     4   Next: 86%
Magic:  4/4        EV:  7    Int:  8    God:
Gold:   96         SH:  9    Dex: 10    Spells: 3/3 levels left

rFire    . . .     SeeInvis .   a - +0 war axe
rCold    + . .     Faith    .   c - +0 kite shield
rNeg     . . .     Spirit   .   b - +0 scale mail
rPois    .         Reflect  .   (no helmet)
rElec    .         Harm     .   (no cloak)
rCorr    .         Rampage  .   (no gloves)
Will     .....                  e - +0 pair of boots
Stlth    ..........             (no amulet)
HPRegen  0.13/turn              f - ring of protection from cold
MPRegen  0.09/turn              (no ring)

@: no status effects
A: no striking features
a: no special abilities


You were in a sewer.
You visited 1 branch of the dungeon, and saw 3 of its levels.
You also visited: Sewer.

You collected 96 gold pieces.

Inventory:

Hand Weapons
 a - a +0 war axe (weapon)
Armour
 b - a +0 scale mail (worn)
 c - a +0 kite shield (worn)
 e - a +0 pair of boots (worn)
Jewellery
 f - a ring of protection from cold (left hand)
Potions
 d - a potion of might
 g - 2 potions of lignification {unknown}
 h - a potion of brilliance {unknown}
 l - 2 potions of heal wounds {unknown}


   Skills:
 + Level 4.4 Fighting
 * Level 5.0 Axes
 + Level 4.1 Armour
 - Level 3.2 Shields


You had 3 spell levels left.
You didn't know any spells.
Your spell library contained the following spells:

 Spells                   Type           Power      Damage    Failure   Level
 Beastly Appendage        Tmut           0%         N/A       99%         1
 Wereblood                Tmut           0%         N/A       100%        2
 Spider Form              Tmut/Pois      0%         N/A       100%        3
 Ice Form                 Ice/Tmut       0%         N/A       100%        4
 Hydra Form               Tmut           0%         N/A       100%        5


Dungeon Overview and Level Annotations

Branches:
Dungeon (3/15)              Sewer (1/1)

Altars:


Message History

The kobold hits you with a +0 club.
Things that are here:
a +0 dagger; a kobold corpse You are too injured to fight recklessly!
You are too injured to fight recklessly!
You are too injured to fight recklessly!
You are too injured to fight recklessly!
You slash the kobold brigand!
The kobold brigand is heavily wounded.
You closely miss the kobold. You block the kobold brigand's attack.
The kobold hits you but does no damage. You block the kobold brigand's attack.
You hit the kobold brigand but do no damage.
The kobold brigand is heavily wounded.
You hit the kobold. You block the kobold's attack.
The kobold brigand hits you with a +1 vampiric whip.
The kobold brigand draws strength from your wounds!
You slash the kobold brigand!
The kobold brigand is almost dead.
You closely miss the kobold. The kobold hits you but does no damage.
The kobold brigand splashes around in the water.
The kobold hits you but does no damage.
The kobold brigand hits you with a +1 vampiric whip!
* * * LOW HITPOINT WARNING * * *
Your shield prevents you from hitting the kobold brigand.
The kobold brigand is almost dead.
You hit the kobold.
You kill the kobold!
The kobold brigand hits you with a +1 vampiric whip.
* * * LOW HITPOINT WARNING * * *
The kobold brigand draws strength from your wounds!
You closely miss the kobold brigand.
The kobold brigand is almost dead.
The kobold brigand closely misses you. You block the kobold brigand's attack.
You closely miss the kobold brigand.
The kobold brigand is almost dead.
The kobold brigand splashes around in the water.
You hit the kobold brigand.
The kobold brigand is almost dead.
The kobold brigand hits you with a +1 vampiric whip!
You die...

##≈≈≈≈.##
################≈≈≈≈≈≈.#
≈≈≈≈≈≈≈≈≈≈≈≈≈≈≈≈≈≈≈≈≈≈≈#
################..≈≈≈.≈#
#≈≈≈≈≈..# #.≈≈≈≈≈.#
#.≈≈≈≈≈≈# #)†≈≈≈≈≈#
#@K≈≈≈≈≈# #≈≈≈≈≈..#
#..≈.≈..# ####.#### ...
.... ...## .#


You could see a kobold brigand.

Vanquished Creatures
  2 adders (D:2)
  3 river rats
  A dart slug (D:1)
  An orc (D:3)
  5 ball pythons
  5 bats
  3 endoplasms
  3 giant cockroaches
  7 goblins
  6 hobgoblins
  A jackal (Sewer)
  9 kobolds
  3 quokkas
  A frilled lizard (D:3)
  8 rats
58 creatures vanquished.

Notes
Turn   | Place    | Note
-------+----------+-------------------------------------------
     0 | D:1      | kae the Hill Orc Fighter began the quest for the Orb.
     0 | D:1      | Reached XP level 1. HP: 19/19 MP: 1/1
   382 | D:1      | Reached skill level 3 in Axes
   435 | D:1      | Reached XP level 2. HP: 27/27 MP: 2/2
   731 | D:1      | Reached XP level 3. HP: 32/33 MP: 3/3
   947 | D:2      | Reached skill level 4 in Axes
  1020 | D:2      | Found a faded altar of an unknown god.
  1369 | D:2      | Reached XP level 4. HP: 19/40 MP: 4/4
  1692 | D:3      | Found a glowing drain.
  1719 | Sewer    | Entered a sewer
  1722 | Sewer    | Reached skill level 5 in Axes
  1793 | Sewer    | Noticed a kobold brigand
  1808 | Sewer    | HP: 2/41 [kobold brigand/+1 vampiric whip (5)]
  1811 | Sewer    | Slain by a kobold brigand

Illustrated notes

Levels and vault maps discovered:
D:1:      amcnicky_arrival_double_pillar, layout_basic
D:2:      layout_loops_ring, ebering_ecumenical_altar_rust
D:3:      layout_rooms, portal_sewer_entry_a, serial_shops, nicolae_shop_trees
Sewer:    sewer_kobolds

Skill      XL: |  1  2  3  4 |
---------------+-------------+-----
Axes           | 3 4 5 |  5.0
Fighting       | 4 |  4.4
Armour         | 4 |  4.1
Shields        | |  3.2

Action                   |  1- 3 |  4- 6 || total
-------------------------+-------+-------++-------
Melee: War axe           |   101 |    59 ||   160
  Use: Scroll            |     2 |     3 ||     5
Armor: Scale mail        |    61 |    37 ||    98
Dodge: Dodged            |    35 |    20 ||    55
Block: Kite shield       |    57 |    42 ||    99

Table legend: (Time is in decaauts)
 A = Elapsed time spent in this place.
 B = Non-inter-level travel time spent in this place.
 C = Inter-level travel time spent in this place.
 D = Time resting spent in this place.
 E = Time spent auto-exploring this place.
 F = Levels seen in this place.
 G = Mean time per level.
                   A        B        C        D        E       F      G
               +--------+--------+--------+--------+--------+-----+--------+
         Total |   1914 |   1840 |     74 |      0 |   1465 |   4 |  478.5 |
       Dungeon |   1793 |   1719 |     74 |      0 |   1387 |   3 |  597.7 |
         Sewer |    120 |    120 |      0 |      0 |     78 |   1 |  120.0 |
               +--------+--------+--------+--------+--------+-----+--------+

Top non-repeatable levels by time:
     D:1: 949 daAuts
     D:2: 745 daAuts
   Sewer: 120 daAuts
     D:3: 98 daAuts
